 Dungeon Crawl Stone Soup version 0.31-a0-801-gc67433417a (webtiles) character file.

Game seed: 7621315623748846078

2 GordonOverkill the Sneak (level 1, -1/13 HPs)
             Began as a Deep Elf Delver on Sept 20, 2023.
             Slain by a sleepcap (5 damage)
             ... on level 6 of the Dungeon.
             The game lasted 00:00:28 (48 turns).

GordonOverkill the Sneak (Deep Elf Delver)            Turns: 48, Time: 00:00:29

Health: -1/13      AC:  3    Str:  9    XL:     1   Next: 25%
Magic:  3/3        EV: 12    Int: 14    God:
Gold:   0          SH:  0    Dex: 16    Spells: 0/0 levels left

rFire   . . .        a - +0 short sword
rCold   . . .        (no shield)
rNeg    . . .        b - +0 leather armour
rPois   .            (no helmet)
rElec   .            (no cloak)
rCorr   .            (no gloves)
SInv    .            (no boots)
Will    .....        (no amulet)
Stlth   +++          (no ring)
HPRegen 0.22/turn    (no ring)
MPRegen 0.08/turn

%: no passive effects
@: hasted, very quick
A: no striking features
a: no special abilities


You were on level 6 of the Dungeon.
You visited 1 branch of the dungeon, and saw 2 of its levels.

Inventory:

Hand Weapons
 a - a +0 short sword (weapon)
Armour
 b - a +0 leather armour (worn)
Wands
 g - a wand of digging (3)
Scrolls
 c - a scroll of fog
 d - a scroll of revelation
 e - a scroll of fear
Potions
 h - a potion of resistance {unknown}


   Skills:
 + Level 2.5 Fighting
 - Level 2.0 Short Blades
 - Level 2.4 Dodging
 - Level 6.0 Stealth


You couldn't memorise any spells.
You didn't know any spells.
Your spell library was empty.

Dungeon Overview and Level Annotations

Branches:
Dungeon (6/15)
 Temple: D:4-7

Altars:
Ashenzari
Nemelex Xobeh
Zin


Message History

No target in view!
No target in view!
Things that are here:
a +0 short sword; an orc corpse You start resting.
HP restored.
There is an escape hatch in the ceiling here.
A gnoll comes into view. It is wielding a +0 whip.
Found a bubbling grey potion and a scroll labelled YMAM TEAGE YCK.
You see here a bubbling grey potion.
h - a bubbling grey potion You open the door.
Found a glowing silver altar of Zin and a sparkling altar of Nemelex Xobeh.
There is an open door here.
There is a sparkling altar of Nemelex Xobeh here.
There is an open door here.
There is an escape hatch in the ceiling here.
A mysterious force pulls you upwards. The hatch slams shut behind you.
Found a scale mail and 13 gold pieces.
Found a broken altar of Ashenzari.
Found a stone staircase leading down.
You can't go down here!
There is a stone staircase leading down here.
You climb downwards.
Found a green potion and Great Wizards, Vol.
VII.
There is a stone staircase leading up here.
Unknown command.
The helpless sleepcap fails to defend itself.
You puncture the sleepcap!
The sleepcap is severely damaged.
The sleepcap releases spores at you.
You are engulfed in a cloud of soporific spores!
You fall asleep.
The sleepcap releases spores at you!
You wake up.
Ouch! That really hurt!
* * * LOW HITPOINT WARNING * * *
You feel yourself speed up. The sleepcap misses you.
You hit the sleepcap but do no damage.
The sleepcap is severely damaged.
The sleepcap releases spores at you.
You die...

#######
....:..#####
..!....@<..#
######f###.#
#. # #. #.
#. #. #.


You could see a sleepcap.

Vanquished Creatures
  An orc (D:6)
1 creature vanquished.

Notes
Turn   | Place    | Note
-------+----------+-------------------------------------------
     0 | D:5      | GordonOverkill the Deep Elf Delver began the quest for the
                  | Orb.
     0 | D:5      | Reached XP level 1. HP: 13/13 MP: 3/3
    26 | D:6      | Found a glowing silver altar of Zin.
    26 | D:6      | Found a sparkling altar of Nemelex Xobeh.
    36 | D:5      | Found a broken altar of Ashenzari.
    43 | D:6      | Noticed a sleepcap
    48 | D:6      | Slain by a sleepcap

Illustrated notes

Levels and vault maps discovered:
D:5:      layout_rooms, mainiacjoe_overflow_brackets,
          mainiacjoe_overflow_alcove_4, uniq_crazy_yiuf_cottage, uniq_grinder
D:6:      hellmonk_crumbling_castle, layout_loops_ring,
          palyth_temple_overflow_mages, gammafunk_temple_overflow_elements,
          minmay_temple_entry_offerings

Action                     || total
---------------------------++-------
  Melee: Short sword       ||     5
    Use: Potion            ||     1
   Stab: Sleeping          ||     1
 Armour: Leather armour    ||     4
  Dodge: Dodged            ||     1

Table legend: (Time is in decaauts)
 A = Elapsed time spent in this place.
 B = Non-inter-level travel time spent in this place.
 C = Inter-level travel time spent in this place.
 D = Time resting spent in this place.
 E = Time spent auto-exploring this place.
 F = Levels seen in this place.
 G = Mean time per level.
                   A        B        C        D        E       F      G
               +--------+--------+--------+--------+--------+-----+--------+
         Total |     46 |     46 |      0 |      3 |      0 |   2 |   23.0 |
       Dungeon |     46 |     46 |      0 |      3 |      0 |   2 |   23.0 |
               +--------+--------+--------+--------+--------+-----+--------+

Top non-repeatable levels by time:
     D:6: 39 daAuts
     D:5: 7 daAuts
